cohdb
Replays
Latest Replays
All Replays
Popular Replays
Top Player Replays
Match Explorer
How It Works
Community
CoH3 Stats
Reddit
Sign in to upload your games and track your stats! →
Sign in with Steam
Match 41525615
Unlisted
Match 41525615
Overview
Messages
Build Orders
End
Scout Squad
Construct Barracks
Selects Advanced Infantry Battlegroup
Riflemen Squad
Riflemen Squad
Infantry Support Center
M1 Mortar Team
Construct Motor Pool
Selects Artillery Observers
M8 Greyhound Armored Car
Construct Medical Station
Selects Convert to Ranger Squad
Engineer Squad
Convert to Ranger Squad
OnCe_Ov3R
jerjawe
0
0
Comments
sign in to comment!
No comments posted yet!